cohdb
Replays
Latest Replays
All Replays
Popular Replays
Top Player Replays
Match Explorer
How It Works
Community
CoH3 Stats
Reddit
Sign in to upload your games and track your stats! →
Sign in with Steam
Match 44476884
Unlisted
Match 44476884
Overview
Messages
Build Orders
End
Scout Squad
Construct Barracks
Riflemen Squad
Riflemen Squad
M1 Mortar Team
Infantry Support Center
Construct Medical Station
Grenade Package
Riflemen Squad
Construct Motor Pool
M8 Greyhound Armored Car
Engineer Squad
Lazy Ren
Barbarossa
IWorshipCats
ST Hélios | No Game No Life
0
0
Comments
sign in to comment!
No comments posted yet!